 Dungeon Crawl Stone Soup version 0.27.1-33-g824d729ab1 (webtiles) character file.

Game seed: 11855651643316828895

731 halfoni the Chopper (level 8, -5/61 HPs)
             Began as a Human Berserker on Dec 18, 2021.
             Was an Elder of Trog.
             Slain by a killer bee (6 damage)
             ... on level 3 of the Dungeon.
             The game lasted 00:07:36 (4704 turns).

halfoni the Chopper (Human Berserker)               Turns: 4704, Time: 00:07:37

Health: -5/61      AC: 12    Str: 19    XL:     8   Next: 3%
Magic:  8/8        EV:  6    Int:  8    God:    Trog [****..]
Gold:   151        SH:  5    Dex: 13    Spells: 7/7 levels left

rFire    . . .     SeeInvis .   t - +2 flail (vorpal)
rCold    . . .     Faith    .   (no shield)
rNeg     . . .     Spirit   .   h - +0 plate armour
rPois    .         Reflect  +   (no helmet)
rElec    .         Harm     .   (no cloak)
rCorr    .         Rampage  .   (no gloves)
Will     .....                  d - +0 pair of boots
Stlth    ..........             p - amulet of reflection
HPRegen  0.20/turn              (no ring)
MPRegen  0.11/turn              (no ring)

@: on berserk cooldown, slowed, very slow
A: no striking features
a: Renounce Religion, Berserk, Trog's Hand, Brothers in Arms


You were on level 3 of the Dungeon.
You worshipped Trog.
Trog was greatly pleased with you.
You visited 1 branch of the dungeon, and saw 4 of its levels.

You collected 151 gold pieces.

Inventory:

Hand Weapons
 a - a +0 hand axe
 t - a +2 vorpal flail (weapon)
Armour
 d - a +0 pair of boots (worn)
 h - a +0 plate armour (worn)
Jewellery
 l - a ring of fire
 p - an amulet of reflection (around neck)
Scrolls
 b - a scroll of identify {unknown}
 f - a scroll of amnesia {unknown}
 g - 2 scrolls of teleportation {unknown}
 o - a scroll of holy word {unknown}
 r - 2 scrolls of enchant armour {unknown}
 s - a scroll of torment {unknown}
Potions
 c - a potion of attraction {unknown}
 e - a potion of might {unknown}
 i - 2 potions of haste {unknown}
 j - a potion of degeneration {unknown}
 k - 2 potions of curing {unknown}
 m - 2 potions of brilliance {unknown}
 n - a potion of ambrosia {unknown}
 q - a potion of heal wounds {unknown}


   Skills:
 + Level 4.6 Fighting
 + Level 5.9(6.1) Axes
 + Level 2.0(4.2) Maces & Flails
 + Level 3.8 Armour
 + Level 3.2 Dodging
 + Level 1.9 Shields


You had 7 spell levels left.
You didn't know any spells.
Your spell library was empty.

Dungeon Overview and Level Annotations

Branches:
Dungeon (4/15)
 Temple: D:4-7

Altars:

Shops:
D:1 *


Message History

You block the killer bee's attack.
You sock the killer bee!
You kill the killer bee!
Trog accepts your kill.
You feel sick. The killer bee closely misses you.
You miss the killer bee.
You feel sick. The killer bee stings you!
* * * LOW HITPOINT WARNING * * *
The killer bee stings you but does no damage.
You miss the killer bee.
You feel sick.
The killer bee stings you but does no damage.
You closely miss the killer bee.
You feel sick. The killer bee stings you.
* * * LOW HITPOINT WARNING * * *
The killer bee stings you.
* * * LOW HITPOINT WARNING * * *
You closely miss the killer bee.
You feel sick. The killer bee barely misses you.
You closely miss the killer bee.
You feel sick. You block the killer bee's attack. x2
You sock the killer bee!
You kill the killer bee!
Trog accepts your kill.
You feel sick.
The killer bee stings you but does no damage.
Your base Maces & Flails skill increases to level 2!
You have reached level 8!
You feel agile.
You barely miss the killer bee.
You are no longer berserk.
You are exhausted.
You feel yourself slow down.
The killer bee stings you but does no damage.
You barely miss the killer bee.
* * * LOW HITPOINT WARNING * * *
You feel sick.
You are no longer poisoned.
The killer bee stings you but does no damage.
The killer bee barely misses you.
The killer bee stings you but does no damage.
The killer bee stings you.
You die...

###############
#............y##
###†######...###@##########
............##
##)##......#######
#########...#
#.......#........ #.#.##
##.##......####.#.
#.##)###..........# #.#.
#.###...#.........# #.#.
#.................# #.#.
######.#####....######.#.
#.# #.............


You could see a killer bee.

Vanquished Creatures
  An ogre (D:2)
  The ghost of BigCheese the Slasher, an amateur DsCK of Xom (D:3)
  A phantom (D:4)
  A bullfrog (D:3)
  5 killer bees (D:3)
  An iguana (D:4)
  A hound skeleton (D:4)
  7 adders
  2 adder skeletons (D:4)
  2 worms (D:2)
  8 dart slugs
  4 orcs
  5 bats
  6 endoplasms
  5 giant cockroaches
  5 goblins
  7 hobgoblins
  6 jackals (D:3)
  13 kobolds
  5 quokkas
  7 ball pythons
  5 frilled lizards
  3 rats
101 creatures vanquished.

Notes
Turn   | Place    | Note
-------+----------+-------------------------------------------
     0 | D:1      | halfoni the Human Berserker began the quest for the Orb.
     0 | D:1      | Reached XP level 1. HP: 18/18 MP: 1/1
   111 | D:1      | Reached XP level 2. HP: 19/24 MP: 2/2
   277 | D:1      | Found a faded altar of an unknown god.
   393 | D:1      | Found Baetaemota's General Store.
   632 | D:1      | Reached XP level 3. HP: 29/29 MP: 3/3
   638 | D:1      | Reached ** piety under Trog
  1496 | D:2      | Noticed an ogre
  1506 | D:2      | Killed an ogre
  1507 | D:2      | Reached skill level 4 in Axes
  1507 | D:2      | Reached XP level 4. HP: 19/36 MP: 4/4
  1507 | D:2      | Reached XP level 5. HP: 22/41 MP: 5/5
  2738 | D:3      | Found a runed translucent door.
  2754 | D:3      | Reached *** piety under Trog
  2934 | D:3      | Reached skill level 5 in Axes
  2934 | D:3      | Reached XP level 6. HP: 48/48 MP: 6/6
  3282 | D:3      | Noticed BigCheese's ghost (amateur DsCK)
  3333 | D:3      | Killed BigCheese's ghost
  3334 | D:3      | Reached XP level 7. HP: 40/54 MP: 7/7
  3946 | D:4      | Reached skill level 1 in Shields
  4392 | D:3      | Reached skill level 1 in Maces & Flails
  4687 | D:3      | Reached **** piety under Trog
  4702 | D:3      | HP: 4/82 [poisoned by a killer bee]
  4703 | D:3      | Reached XP level 8. HP: 4/61 MP: 8/8
  4704 | D:3      | HP: 1/61 [poisoned by a killer bee]
  4704 | D:3      | Slain by a killer bee

Illustrated notes

Levels and vault maps discovered:
D:1:      minmay_arrival_jagged, layout_basic,
          dilly_ecumenical_altar_fadedgnrine, serial_shops,
          nicolae_lakefront_shop, hangedman_decor_growths
D:2:      layout_loops_ring
D:3:      layout_loops_ring, ebering_ghost_sewer_d, minmay_cupped
D:4:      corexii_shack_village, layout_rooms, mainiacjoe_overflow_alcove_2,
          mainiacjoe_overflow_paths, uniq_sigmund

Skill      XL: |  1  2  3  4  5  6  7 |
---------------+----------------------+-----
Axes           | 4 5 |  5.9
Dodging        | 3 |  3.2
Fighting       | 4 |  4.6
Armour         | 3 |  3.8
Shields        | 1 |  1.9
Maces & Flails | 2 |  2.0

Action                   |  1- 3 |  4- 6 |  7- 9 || total
-------------------------+-------+-------+-------++-------
Melee: Hand axe          |   103 |   178 |    13 ||   294
       Flail             |       |       |    85 ||    85
Invok: Berserk           |     2 |     5 |     4 ||    11
 Stab: Sleeping          |     1 |       |       ||     1
Armor: Animal skin       |    33 |       |       ||    33
       Plate armour      |       |   120 |    81 ||   201
Dodge: Dodged            |    67 |    55 |    43 ||   165
Block: Other             |       |    24 |    39 ||    63
       Reflection        |       |       |     3 ||     3
